 Dungeon Crawl Stone Soup version 0.31-a0-995-g04711c9635 (webtiles) character file.

Game seed: 7366557420979103258

469 Flugkiller the Gusty (level 6, -1/43 HPs)
             Began as a Mummy Air Elementalist on Nov 6, 2023.
             Was an Initiate of Ru.
             Killed from afar by Blork the orc (7 damage)
             ... with a magic dart
             ... on level 5 of the Dungeon.
             The game lasted 00:09:29 (4257 turns).

Flugkiller the Gusty (Mummy Air Elementalist)       Turns: 4257, Time: 00:09:29

Health: -1/43      AC:  4    Str: 12    XL:     6   Next: 82%
Magic:  6/12       EV: 27    Int: 16    God:    Ru [......]
Gold:   234        SH:  0    Dex: 12    Spells: 3/13 levels left

rFire   x . .        r - +2 short sword (venom)
rCold   + . .        (no shield)
rNeg    + + +        a - +0 robe
rPois   ∞            s - +0 helmet
rElec   +            (no cloak)
rCorr   .            (no gloves)
SInv    .            o - +0 pair of boots of the Clam {rElec rPois}
Will    .....        l - amulet of the acrobat
Stlth   ++           (no ring)
HPRegen 0.27/turn    (no ring)
MPRegen 0.13/turn

%: acrobat, faith
@: swift, acrobatic, very quick
A: cold resistance 1, negative energy resistance 3, torment resistance 2, heat
vulnerability 1, in touch with death 1, no potions, faith
a: Renounce Religion


You were on level 5 of the Dungeon.
You worshipped Ru.
Ru was noncommittal.
You visited 2 branches of the dungeon, and saw 6 of its levels.

You collected 234 gold pieces.

Inventory:

Hand Weapons
 i - a +0 spear
   (You found it on level 2 of the Dungeon)
 r - a +2 short sword of venom (weapon)
   (You found it on level 4 of the Dungeon)
Armour
 a - a +0 robe (worn)
 o - the +0 pair of boots of the Clam (worn) {rElec rPois}
   (You found it on level 4 of the Dungeon)

   rElec:     It insulates you from electricity.
   rPois:     It protects you from poison
 s - a +0 helmet (worn)
   (You took it off Robin on level 4 of the Dungeon)
Jewellery
 l - an amulet of the acrobat (around neck)
   (You found it on level 3 of the Dungeon)
Wands
 n - a wand of digging (5)
   (You found it on level 4 of the Dungeon)
Scrolls
 b - 2 scrolls of revelation
 c - a scroll of immolation
 d - a scroll of enchant weapon
 e - a scroll of fog {unknown}
 f - a scroll of torment {unknown}
 g - a scroll of amnesia {unknown}
 h - a scroll of blinking {unknown}
 j - a scroll of butterflies {unknown}
 k - a scroll of teleportation {unknown}
 m - a scroll of fear {unknown}
 p - a scroll of vulnerability {unknown}
 q - a scroll of noise {unknown}


   Skills:
 - Level 1.0 Fighting
 - Level 1.5 Dodging
 - Level 1.5 Stealth
 - Level 4.0 Spellcasting
 - Level 2.0 Conjurations
 + Level 5.7 Air Magic


You had 3 spell levels left.
You knew the following spells:

 Your Spells              Type           Power      Damage    Failure   Level
a - Shock                 Conj/Air       60%        1d6       3%          1
b - Static Discharge      Conj/Air       30%        3-5/arc   5%          2
c - Airstrike             Air            10%        2d(2-18)  16%         4
w - Swiftness             Air            21%        N/A       4%          3

Your spell library contained the following spells:

 Spells                   Type           Power      Damage    Failure   Level
 Summon Lightning Spire   Summ/Air       12%        N/A       45%         4
 Leda's Liquefaction      Hex/Erth       1%         N/A       86%         4
 Lee's Rapid Deconstruct  Erth           1%         3d4*      99%         5
 Bombard                  Conj/Erth      3%         9d1       100%        6


Dungeon Overview and Level Annotations

Branches:
Dungeon (5/15) Zot: 25733  Temple (1/1) D:4 Zot: 5973

Altars:
Ashenzari
Dithmenos
Gozag
Kikubaaqudgha
Makhleb
Nemelex Xobeh
Okawaru
Qazlal
Ru
Sif Muna
Trog
Vehumet
Wu Jian
Xom
Yredelemnul

Shops:
D:4 :

Annotations:
D:5 Blork the orc


Innate Abilities, Weirdness & Mutations

You are immune to poison.
Your flesh is cold resistant. (rC+)
You are immune to negative energy. (rN+++)
You are immune to unholy pain and torment.
You are vulnerable to heat. (rF-)
You are in touch with the powers of death.
You do not drink.
You have a special connection with the divine. (Faith)


Message History

The hound pauses to sniff the ground.
The hound misses you.
You barely miss the hound.
The hound is heavily wounded.
The hound barely misses you.
You hit the hound.
The hound is poisoned.
The hound is heavily wounded.
The hound bites you but does no damage. The hound bites you.
You puncture the hound!
The hound looks even sicker.
The hound is almost dead.
The hound closely misses you. The adder bites you.
You kill the hound!
You hit the adder.
The adder is heavily wounded.
The adder closely misses you. The adder barely misses you.
You puncture the adder!
You kill the adder!
No target in view!
You see here an adder corpse.
You see here a hound corpse.
HP restored.
A hound comes into view.
Found a stone staircase leading down.
Casting: Shock (safe; 3% risk of failure)
Confirm with . or Enter, or press ? or * to list all spells.
Aiming: Shock (safe; 3% risk of failure)
Press: ? - help, Shift-Dir - straight line, f - hound
Aim: a hound (asleep, 100% to hit)
The zap hits the hound but does no damage.
Casting: Shock (safe; 3% risk of failure)
Confirm with . or Enter, or press ? or * to list all spells.
Aiming: Shock (safe; 3% risk of failure)
Press: ? - help, Shift-Dir - straight line, f/p - hound
Aim: a hound (60% to hit)
The zap hits the hound.
The hound is moderately wounded.
Casting: Shock (safe; 3% risk of failure)
Confirm with . or Enter, or press ? or * to list all spells.
Aiming: Shock (safe; 3% risk of failure)
Press: ? - help, Shift-Dir - straight line, f/p - hound
Aim: a hound (moderately wounded, 60% to hit)
The zap hits the hound.
The hound is heavily wounded.
Casting: Shock (safe; 3% risk of failure)
Confirm with . or Enter, or press ? or * to list all spells.
Aiming: Shock (safe; 3% risk of failure)
Press: ? - help, Shift-Dir - straight line, f/p - hound
Aim: a hound (heavily wounded, 60% to hit)
The zap hits the hound.
The hound is severely wounded.
Casting: Shock (safe; 3% risk of failure)
Confirm with . or Enter, or press ? or * to list all spells.
Aiming: Shock (safe; 3% risk of failure)
Press: ? - help, Shift-Dir - straight line, f/p - hound
Aim: a hound (severely wounded, 60% to hit)
The zap hits the hound.
You kill the hound!
No target in view!
Blork the orc is nearby!
Blork the orc is nearby!
Unknown command.
Casting: Shock (safe; 3% risk of failure)
Confirm with . or Enter, or press ? or * to list all spells.
Aiming: Shock (safe; 3% risk of failure)
Press: ? - help, Shift-Dir - straight line, f - Blork the orc
Aim: Blork the orc, wielding a +0 flail and wearing a +0 robe (wandering, hasn't noticed you, 75% to hit)
The zap hits Blork the orc.
Blork the orc is lightly wounded.
You start resting.
Blork the orc is nearby!
Blork the orc completely misses you.
You hit Blork the orc.
Blork the orc is lightly wounded.
Blork the orc hits you with a +0 flail!
You hit Blork the orc.
Blork the orc is poisoned.
Blork the orc is lightly wounded.
Blork the orc hits you with a +0 flail!
You are too injured to fight recklessly!
Blork the orc completely misses you.
Blork the orc points at you and mumbles some strange words.
The puff of frost misses you.
Press: ? - help, v - describe, . - travel
Here: Blork the orc, wielding a +0 flail and wearing a +0 robe (lightly wounded, very poisoned)
The floor.
Blork the orc points at you and mumbles some strange words.
The puff of flame hits you! The fire burns you terribly!
* * * LOW HITPOINT WARNING * * *
Casting: Shock (safe; 3% risk of failure)
Confirm with . or Enter, or press ? or * to list all spells.
You feel quick.
Blork the orc gestures at you while chanting.
The magic dart hits you.
* * * LOW HITPOINT WARNING * * *
Unknown command.
You see here a +0 battleaxe.
Things that are here:
a +0 flail; a gnoll skeleton Blork the orc points at you and mumbles some strange words.
The magic dart hits you!
You die...

#.#
#.##..######
#.# #...<.#
###.######..#
#....## #..#
#.....# ##.#
#....##
#..### #...##
#....#####.
#...#
#..#.......
#.)@#
#......)..#
##)##
#......###.
#.#
###.##.####
#)# #.......#
#.# ####.##†#
###.####
#.##.#
#..o...######
#.....
#.#.#.......#
####.#
#.#.#..###..#
#....


You could see Blork the orc.

Vanquished Creatures
  A black bear (D:5)
  A scorpion (D:5)
  2 hounds (D:5)
  An iguana (D:4)
  2 sleepcaps
  Robin (D:4)
  3 gnolls (D:5)
  4 adders
  A shadow imp (D:4)
  A worm (D:5)
  2 dart slugs
  10 orcs
  9 ball pythons
  4 bats (D:1)
  3 endoplasms
  2 giant cockroaches
  8 hobgoblins
  4 quokkas
  4 frilled lizards
  14 goblins
  2 kobolds (D:4)
  5 rats
84 creatures vanquished.

Notes
Turn   | Place    | Note
-------+----------+-------------------------------------------
     0 | D:1      | Flugkiller the Mummy Air Elementalist began the quest for
                  | the Orb.
     0 | D:1      | Reached XP level 1. HP: 13/13 MP: 4/4
    91 | D:1      | Reached skill level 1 in Conjurations
   253 | D:1      | Reached XP level 2. HP: 19/19 MP: 4/6
   272 | D:1      | Found a faded altar of an unknown god.
   600 | D:1      | Reached skill level 3 in Air Magic
   603 | D:1      | Learned a level 2 spell: Static Discharge
  1168 | D:2      | Reached XP level 3. HP: 25/25 MP: 5/7
  1236 | D:2      | Learned a level 3 spell: Swiftness
  1255 | D:2      | Reached skill level 1 in Fighting
  2335 | D:4      | Reached XP level 4. HP: 32/32 MP: 1/9
  2489 | D:3      | Learned a level 4 spell: Airstrike
  2607 | D:4      | Identified the +0 pair of boots of the Clam {rElec rPois}
  2616 | D:4      | Found Goq Ykaq's Book Shop.
  2956 | D:4      | Found a staircase to the Ecumenical Temple.
  2967 | Temple   | Entered the Ecumenical Temple
  2987 | Temple   | Became a worshipper of Ru the Awakened
  3095 | D:4      | Found an opulent altar of Gozag.
  3109 | D:4      | Found an iron altar of Okawaru.
  3112 | D:4      | Found an ornate altar of the Wu Jian Council.
  3112 | D:4      | Noticed Robin
  3139 | D:4      | Killed Robin
  3140 | D:4      | Reached XP level 5. HP: 3/37 MP: 1/11
  3280 | D:4      | Found an ancient bone altar of Kikubaaqudgha.
  3587 | D:5      | Entered Level 5 of the Dungeon
  3742 | D:4      | Reached skill level 4 in Air Magic
  3792 | D:5      | Noticed Blork the orc
  3792 | D:5      | Noticed a black bear
  4001 | D:5      | Killed a black bear
  4002 | D:5      | Reached skill level 5 in Air Magic
  4002 | D:5      | Reached XP level 6. HP: 18/43 MP: 1/12
  4257 | D:5      | Killed from afar by Blork the orc

Illustrated notes

Levels and vault maps discovered:
D:1:      nagdon_arrival_double_spiral, layout_basic,
          shapermc_ecumenical_altar_starsandcircs, minmay_close_crescents
D:2:      layout_loops_cross, serial_glass, glass_columns_a, glass_columns_b,
          glass_columns_a, glass_columns_a
D:3:      layout_rooms
D:4:      layout_loops_ring, grunt_temple_overflow_cloverleaf, temple_green,
          serial_shops, shop, minmay_ruptured, uniq_robin
D:5:      layout_loops_cross, zin_purify, nicolae_half_adder, uniq_blork_the_orc
Temple:   compressed_dpeg_triangle_lava_temple

Skill      XL: |  1  2  3  4  5 |
---------------+----------------+-----
Conjurations   | 1 2 |  2.0
Spellcasting   | 3 4 |  4.0
Air Magic      | 3 5 |  5.7
Fighting       | 1 |  1.0
Dodging        | |  1.5
Stealth        | |  1.5

Action                     |  1- 3 |  4- 6 || total
---------------------------+-------+-------++-------
  Melee: Unarmed           |    15 |       ||    15
         Spear             |    15 |     4 ||    19
         Short sword       |       |    34 ||    34
   Cast: Shock             |    94 |   111 ||   205
         Swiftness         |       |     2 ||     2
    Use: Scroll            |     3 |       ||     3
 Armour: Robe              |    37 |    42 ||    79
  Dodge: Dodged            |    52 |    59 ||   111

Table legend: (Time is in decaauts)
 A = Elapsed time spent in this place.
 B = Non-inter-level travel time spent in this place.
 C = Inter-level travel time spent in this place.
 D = Time resting spent in this place.
 E = Time spent auto-exploring this place.
 F = Levels seen in this place.
 G = Mean time per level.
                   A        B        C        D        E       F      G
               +--------+--------+--------+--------+--------+-----+--------+
         Total |   4292 |   3974 |    318 |    998 |   2049 |   6 |  715.3 |
       Dungeon |   4266 |   3948 |    318 |    998 |   2049 |   5 |  853.2 |
        Temple |     26 |     26 |      0 |      0 |      0 |   1 |   26.0 |
               +--------+--------+--------+--------+--------+-----+--------+

Top non-repeatable levels by time:
     D:4: 1562 daAuts
     D:1: 931 daAuts
     D:2: 764 daAuts
     D:3: 575 daAuts
     D:5: 432 daAuts
  Temple: 26 daAuts
